Map: Winter's Gate LE

Players

Kelazhur

  • Race: Terran Terran
  • Spawn Location: 5:00

uThermal - Winner!

  • Race: Terran Terran
  • Spawn Location: 11:00

VOD

Have the link to the VOD?

Description

Time

  • Played on: Sept. 6, 2019, 9:05 p.m.
  • Length: 15:29
Show
View Real Time Build Order
Export as new Build Order

Kelazhur Terran 

Build Orders: Gas First Reaper Expand 

Get SALT Encoding   

  12  0:00  SCV  
  13  0:13  SCV  
  14  0:17  Supply Depot  
  14  0:25  SCV  
  14  0:27  Refinery  
  15  0:38  SCV  
  16  0:44  Barracks  
  16  0:50  SCV  
  17  1:02  SCV  
  18  1:15  SCV  
  19  1:31  Orbital Command, Reaper  
  20  1:42  Command Center  
  20  1:53  Factory  
  20  1:57  SCV  
  21  2:05  Barracks Reactor  
  21  2:07  Supply Depot  
  21  2:10  SCV  
  22  2:15  Refinery  
  22  2:22  SCV  
  23  2:36  SCV  
  23  2:37  Hellion  
  23  2:42  Marine x2  
  26  2:49  SCV  
  27  2:54  Starport  
  27  3:01  SCV  
  27  3:03  Factory Tech Lab  
  27  3:04  Marine x2  
  30  3:13  SCV  
  31  3:20  Orbital Command  
  31  3:22  Marine x2  
  33  3:28  SCV  
  33  3:33  Factory Tech Lab  
  34  3:39  Raven  
  34  3:40  Marine x2  
  34  3:41  SCV  
  39  3:45  SCV  
  39  3:46  Supply Depot  
  39  3:48  Refinery  
  40  3:55  Siege Tank  
  42  3:57  SCV  
  42  3:58  SCV  
  42  4:02  Marine x2  
  46  4:11  SCV  
  46  4:15  SCV  
  46  4:16  Supply Depot  
  48  4:20  Marine x2  
  48  4:23  SCV  
  51  4:28  SCV  
  52  4:35  SCV  
  52  4:38  Raven  
  55  4:39  Supply Depot  
  55  4:40  SCV  
  55  4:42  Marine x2, Siege Tank  
  61  4:47  SCV  
  61  4:49  Supply Depot  
  61  4:52  SCV  
  61  4:59  SCV  
  62  5:00  Marine x2  
  62  5:04  SCV  
  65  5:09  Supply Depot  
  65  5:14  SCV  
  64  5:17  Siege Tank  
  64  5:21  SCV  
  59  5:23  Marine x2  
  59  5:26  SCV  
  56  5:30  Raven  
  56  5:33  SCV  
  59  5:38  SCV  
  59  5:41  Marine x2  
  62  5:44  Supply Depot  
  62  5:45  SCV  
  63  5:50  SCV, Supply Depot  
  63  5:56  Siege Tank  
  67  5:57  SCV  
  67  6:00  Marine x2  
  67  6:02  SCV  
  69  6:04  Command Center  
  69  6:09  SCV, Engineering Bay  
  71  6:18  SCV  
  71  6:21  SCV  
  72  6:28  Starport Reactor  
  72  6:29  Barracks  
  72  6:30  Barracks, SCV  
  73  6:33  Refinery  
  73  6:34  Terran Infantry Weapons Level 1  
  73  6:37  Siege Tank  
  73  6:38  SCV  
  77  6:43  SCV  
  77  6:44  Marine, Stimpack  
  79  6:51  SCV, Supply Depot  
  79  7:05  SCV  
  79  7:06  Marine  
  67  7:09  Siege Tank  
  67  7:11  SCV  
  67  7:15  Engineering Bay  
  70  7:16  Armory  
  70  7:17  SCV  
  70  7:18  Marine x2  
  70  7:19  Starport Reactor  
  70  7:20  Orbital Command  
  73  7:23  SCV  
  73  7:24  Marine x3  
  73  7:29  SCV  
  78  7:35  SCV  
  79  7:40  Barracks  
  79  7:41  SCV  
  79  7:42  Marine x4, Barracks  
  83  7:46  Siege Tank  
  83  7:47  SCV  
  87  7:53  Marine  
  87  7:54  SCV  
  87  7:57  Viking x2  
  93  7:59  SCV x2  
  93  8:00  Marine  
  96  8:06  Marine x3, SCV  
  96  8:07  Refinery  
  96  8:11  SCV, Sensor Tower  
  101  8:14  SCV  
  101  8:16  Marine  
  101  8:18  SCV  
  104  8:23  Marine, SCV  
  104  8:24  Marine  
  108  8:30  SCV  
  108  8:32  Siege Tank, Viking  
  108  8:33  Viking  
  116  8:34  Terran Infantry Weapons Level 2  
  116  8:38  Terran Infantry Armor Level 1  
  115  8:41  Marine x2, Refinery  
  115  8:42  Supply Depot  
  115  8:43  Supply Depot  
  115  8:44  Marine x3  
  120  8:50  Combat Shield  
  120  8:52  Barracks Reactor  
  120  8:56  SCV  
  120  8:57  SCV x2  
  120  9:00  Marine x3, Supply Depot  
  120  9:02  Barracks Reactor  
  125  9:07  Medivac  
  125  9:09  SCV  
  78  9:10  Medivac  
  130  9:18  Supply Depot  
  130  9:19  Marine  
  130  9:20  Marine  
  130  9:23  Marine, Command Center  
  133  9:24  Marine, Missile Turret  
  133  9:29  Marine x3  
  133  9:30  Missile Turret  
  137  9:32  Siege Tank  
  137  9:38  Marine, Medivac  
  142  9:39  Marine, Medivac  
  142  9:42  Marine x3  
  149  9:46  Marine  
  149  9:50  Factory  
  149  9:52  Marine x2  
  151  9:54  Marine  
  153  10:05  Marine x3  
  153  10:06  Marine x2  
  157  10:11  Supply Depot x2  
  157  10:13  Supply Depot  
  157  10:14  Supply Depot  
  157  10:16  Supply Depot, Terran Vehicle Weapons Level 1  
  157  10:32  Marine x8  
  157  10:33  Marine  
  157  10:35  Factory Tech Lab, Siege Tank  
  169  10:41  Barracks  
  154  10:50  Marine x9  
  154  10:55  Medivac x2  
  167  10:58  Terran Infantry Weapons Level 3  
  167  10:59  Terran Infantry Armor Level 2  
  165  11:08  Marine  
  152  11:15  Marine x8  
  145  11:19  Siege Tank x2  
  144  11:26  Marine  
  144  11:28  Barracks Reactor  
  144  11:29  Planetary Fortress  
  144  11:33  Marine  
  144  11:38  Marine x7  
  152  11:44  Marine  
  153  11:50  Marine  
  153  11:51  Medivac x2  
  153  11:53  Siege Tank x2  
  157  11:56  Marine x3  
  157  11:59  SCV x3  
  162  12:04  Marine x5  
  167  12:08  Marine  
  167  12:09  Refinery  
  167  12:11  SCV x3  
  167  12:13  Marine  
  167  12:14  Marine  
  173  12:18  Marine x3  
  173  12:21  Marine  
  173  12:22  Marine x2  
  179  12:23  SCV  
  179  12:26  Terran Vehicle Weapons Level 2, Siege Tank x2  
  179  12:27  Viking x2  
  189  12:37  Marine  
  188  12:46  Marine x6  
  188  12:47  Marine x4  
  196  12:55  Marine  
  196  12:58  Siege Tank  
  187  13:01  Viking x2  
  187  13:04  Marine x8, Siege Tank  
  182  13:14  Marine  
  182  13:19  Marine  
  169  13:21  Marine  
  169  13:24  Barracks  
  169  13:26  Barracks  
  170  13:30  Siege Tank  
  170  13:34  Marine, Command Center  
  173  13:36  Siege Tank  
  173  13:39  Marine  
  173  13:40  Marine x9  
  174  13:57  Marine x3  
  174  14:02  Siege Tank, Viking x2  
  184  14:04  Marine x5  
  184  14:08  Siege Tank  
  174  14:24  Liberator x2  
  159  14:26  Marine  
  159  14:27  Marine x2  
  159  14:28  Marine  
  159  14:30  Marine x7  
  155  14:33  SCV  
  155  14:34  Siege Tank, SCV  
  151  14:40  Siege Tank  
  151  14:43  Marine  
  151  14:45  Marine x3  
  158  14:48  Marine x4  
  160  14:56  Marine x3  
  154  15:01  Marine  
  154  15:03  Marine x3  
  154  15:06  Marine x4  
Show
View Real Time Build Order
Export as new Build Order

uThermal Terran - Winner!

Build Orders: Gas First Reaper Expand, Liberator Opening 

Get SALT Encoding   

  12  0:01  SCV  
  13  0:13  SCV  
  14  0:18  Supply Depot  
  14  0:25  SCV  
  14  0:27  Refinery  
  15  0:40  SCV  
  16  0:44  Barracks  
  16  0:52  SCV  
  17  1:04  SCV  
  18  1:16  SCV  
  19  1:31  Orbital Command, Reaper  
  20  1:45  Command Center  
  20  1:57  SCV  
  20  2:00  Factory  
  21  2:04  Barracks Reactor  
  21  2:09  SCV  
  22  2:16  Supply Depot  
  22  2:21  SCV, Refinery  
  23  2:38  SCV  
  24  2:44  Starport  
  24  2:50  SCV, Hellion x2  
  28  3:02  SCV, Orbital Command  
  28  3:05  Liberator  
  29  3:11  Hellion  
  30  3:13  Hellion  
  30  3:15  SCV  
  36  3:27  SCV x2  
  36  3:33  Supply Depot  
  38  3:37  Hellion  
  38  3:40  Hellion  
  42  3:42  SCV  
  42  3:44  SCV  
  44  3:54  SCV  
  44  3:55  Supply Depot  
  45  3:57  SCV  
  45  3:58  Hellion  
  45  4:00  Barracks Tech Lab  
  45  4:01  Hellion  
  50  4:05  Starport Tech Lab  
  50  4:07  SCV  
  50  4:09  SCV, Refinery  
  52  4:14  Supply Depot  
  52  4:19  SCV  
  52  4:21  SCV  
  54  4:26  Raven  
  54  4:27  Marine x2  
  54  4:28  Siege Tank  
  61  4:34  SCV, Supply Depot  
  61  4:36  SCV  
  63  4:46  SCV  
  63  4:48  SCV  
  63  4:53  Marine x2  
  63  4:56  Supply Depot  
  63  4:58  SCV  
  66  5:00  SCV  
  66  5:01  Siege Tank  
  70  5:10  Marine, SCV  
  70  5:11  Marine  
  70  5:12  SCV  
  68  5:22  SCV  
  68  5:24  SCV  
  61  5:28  Marine  
  61  5:31  Marine  
  61  5:33  Siege Tank, Raven, Command Center  
  61  5:34  SCV  
  69  5:36  SCV  
  70  5:46  Marine, SCV, Refinery, Engineering Bay x2  
  70  5:49  Marine, SCV  
  72  5:59  SCV  
  72  6:01  SCV  
  74  6:05  Siege Tank  
  77  6:11  SCV  
  77  6:12  Supply Depot  
  77  6:14  SCV  
  77  6:15  Terran Infantry Armor Level 1, Terran Infantry Weapons Level 1  
  79  6:23  SCV  
  79  6:26  Marine, SCV, Supply Depot, Viking x2  
  85  6:35  SCV  
  85  6:38  Barracks, Siege Tank, SCV  
  89  6:40  Barracks  
  89  6:44  Marine  
  89  6:46  Orbital Command  
  90  6:47  SCV  
  90  6:50  SCV  
  92  6:56  Viking x2  
  92  7:00  SCV  
  96  7:02  SCV  
  93  7:11  Siege Tank  
  93  7:12  SCV  
  93  7:14  SCV, Orbital Command  
  93  7:15  Marine  
  98  7:16  Stimpack  
  99  7:24  SCV  
  99  7:26  SCV, Viking x2  
  99  7:27  Barracks Reactor x2  
  105  7:36  SCV  
  106  7:37  Barracks  
  106  7:38  Barracks  
  106  7:39  Armory  
  106  7:41  SCV  
  106  7:42  SCV  
  108  7:48  SCV  
  109  7:56  Marine, SCV, Viking x2  
  109  7:57  Supply Depot  
  115  8:04  SCV  
  115  8:05  Siege Tank  
  116  8:07  SCV  
  116  8:08  Supply Depot, Refinery x2  
  117  8:18  Marine x5, Sensor Tower  
  121  8:32  Barracks Reactor  
  121  8:33  Barracks Reactor  
  120  8:36  Marine x5  
  120  8:37  Siege Tank, Command Center  
  128  8:46  Missile Turret x2  
  128  8:50  Missile Turret x2  
  128  8:53  Marine x3  
  128  8:54  Terran Infantry Armor Level 2  
  131  8:56  Marine x2  
  131  9:00  Combat Shield  
  133  9:11  Supply Depot  
  133  9:16  Terran Vehicle Weapons Level 1  
  133  9:17  Supply Depot  
  133  9:22  Supply Depot  
  133  9:28  Supply Depot  
  133  9:30  Marine x2  
  133  9:31  Marine x6  
  141  9:32  Marine, Medivac, Siege Tank, Supply Depot  
  141  9:36  Medivac  
  141  9:37  Supply Depot  
  149  9:45  Missile Turret  
  148  9:48  Marine x8  
  148  9:50  Supply Depot  
  148  9:51  Marine  
  157  10:04  Siege Tank  
  157  10:06  Marine x4  
  161  10:07  Medivac x2  
  161  10:08  Marine  
  161  10:12  Marine  
  167  10:14  Marine  
  167  10:17  Marine  
  167  10:19  Marine  
  170  10:21  Supply Depot  
  170  10:24  Marine x4  
  170  10:26  Marine  
  175  10:29  Marine  
  175  10:32  Marine  
  175  10:35  Marine  
  176  10:36  Siege Tank  
  176  10:37  Marine  
  176  10:42  Marine x4  
  168  10:44  Marine  
  168  10:46  SCV  
  168  10:47  Marine  
  171  10:50  Marine  
  171  10:52  Command Center  
  171  10:53  Marine  
  171  10:54  Marine  
  174  11:00  Marine x4  
  174  11:02  Marine  
  177  11:05  Marine  
  177  11:08  Marine  
  177  11:09  Siege Tank  
  177  11:11  Marine  
  170  11:12  Marine  
  170  11:17  Marine x4  
  160  11:19  Medivac  
  160  11:20  Marine  
  160  11:23  Marine  
  154  11:26  Marine  
  154  11:28  Marine  
  154  11:30  Marine  
  155  11:35  Marine x3  
  155  11:36  Engineering Bay  
  155  11:38  Marine  
  155  11:39  Marine  
  160  11:41  Marine, Siege Tank  
  160  11:44  Marine  
  160  11:46  Marine  
  165  11:49  Marine  
  165  11:53  Marine x3  
  169  11:56  Marine  
  169  11:58  Marine  
  169  11:59  Marine, Engineering Bay  
  172  12:01  Marine  
  172  12:04  Marine  
  172  12:05  Orbital Command  
  172  12:06  Planetary Fortress  
  172  12:07  SCV  
  172  12:08  Marine  
  176  12:11  Marine x2  
  176  12:13  Siege Tank  
  181  12:16  Marine x2  
  181  12:17  Marine  
  181  12:21  Terran Infantry Weapons Level 2  
  184  12:23  Marine x2  
  184  12:24  Marine  
  184  12:25  Marine  
  184  12:29  Marine  
  189  12:33  Marine, Terran Infantry Armor Level 3  
  189  12:34  Marine  
  189  12:36  Marine x2  
  193  12:41  Marine x2  
  195  12:44  Medivac  
  192  12:55  Marine  
  192  12:56  Marine  
  192  12:57  Marine x2  
  174  12:59  Marine  
  174  13:01  Marine x3  
  174  13:02  Marine  
  171  13:12  Medivac  
  168  13:13  Marine  
  168  13:14  Marine  
  168  13:15  Marine x2  
  168  13:17  Marine  
  168  13:19  Marine  
  166  13:20  Marine x3, Siege Tank  
  172  13:31  Marine  
  172  13:32  Marine  
  172  13:33  Marine  
  172  13:34  Marine  
  176  13:35  Marine  
  176  13:37  Marine  
  176  13:38  Marine x2  
  176  13:40  Marine  
  181  13:45  Medivac  
  183  13:49  Marine  
  183  13:50  Marine  
  183  13:51  Marine x2  
  183  13:52  Siege Tank  
  183  13:55  Marine  
  187  13:57  Marine x3  
  187  13:58  Marine, Command Center  
  191  14:07  Marine x2  
  191  14:09  Marine x2  
  194  14:12  Marine  
  194  14:15  Marine  
  193  14:17  Marine  
  193  14:19  Marine, Medivac  
  193  14:20  Marine  
  193  14:21  Medivac  
  189  14:24  Siege Tank  
  189  14:25  Marine  
  189  14:28  Marine x2  
  189  14:29  Marine  
  189  14:30  Marine  
  176  14:33  Marine  
  176  14:35  Marine  
  176  14:37  Marine x2  
  173  14:42  Barracks  
  173  14:43  Marine  
  174  14:46  Marine x3  
  174  14:47  Barracks  
  174  14:48  Marine, Barracks  
  174  14:49  Medivac  
  174  14:51  Marine, Medivac  
  183  14:53  Marine  
  183  14:55  Marine x2  
  183  14:56  Siege Tank  
  189  15:00  Marine  
  189  15:01  Orbital Command  
  189  15:03  Marine x2  
  189  15:04  Marine  
  189  15:06  Marine  
  189  15:08  Marine  
Tags
 
Add a new tag
Caveats
  • Supply blocks, unpowered buildings, or Contaminate may cause inaccurate times.
  • Supply counts are checked every 10 seconds.